[Event "fics rated crazyhouse match"]
[Site "fics, Oklahoma City, OK USA"]
[Date "2000.12.25"]
[White "Thufir"]
[WhiteElo "2321"]
[Black "LINDEGREN"]
[BlackElo "2351"]
[TimeControl "60+0"]
[Result "0-1"]

1. e4 Nf6 2. e5 Nc6 3. d4 Ne4 4. Be3 d5 5. Nf3 e6 6. Bd3 
Bb4+ 7. c3 Be7 8. Nbd2 Nxd2 9. Nxd2 N@e4 10. Bxe4 dxe4 11. Nxe4 B@g6 
12. Ng3 Nxe5 13. dxe5 Qxd1+ 14. Rxd1 P@d3 15. O-O Bd7 16. P@h5 Bc6 17. hxg6 
hxg6 18. Rxd3 P@h3 19. f3 hxg2 20. N@d4 gxf1=Q+ 21. Kxf1 Rxh2 22. B@g1 Q@g2+ 
23. Ke1 Qxg3+ 24. Kd1 R@e1# 
{Thufir checkmated} 0-1

[Event "fics rated crazyhouse match"]
[Site "fics, Oklahoma City, OK USA"]
[Date "2000.12.25"]
[White "LINDEGREN"]
[WhiteElo "2358"]
[Black "Thufir"]
[BlackElo "2314"]
[TimeControl "60+0"]
[Result "0-1"]

1. e4 e6 2. Nc3 d5 3. d4 dxe4 4. Nxe4 Nc6 5. Nf3 P@f5 6. Neg5 
Be7 7. Bb5 Nf6 8. Nxf7 Kxf7 9. Bxc6 bxc6 10. Ne5+ Kf8 11. P@h6 gxh6 
12. Nxc6 P@g7 13. Nxd8 Bxd8 14. P@e5 Ne4 15. Bxh6 gxh6 16. P@g7+ Kxg7 17. N@h5+ 
Kf7 18. Q@g7+ Ke8 19. Qxh8+ N@f8 20. P@g7 B@b4+ 21. c3 P@d2+ 22. Kf1 Ba6+ 
23. Kg1 N@e2+ 24. Qxe2 Bxe2 25. gxf8=Q+ Bxf8 26. Qxf8+ Kxf8 27. B@g7+ Ke8 28. R@f8+ 
Kd7 29. N@c5+ Nxc5 30. dxc5 Q@e1+ 31. N@f1 Qxa1 32. c6+ Kxc6 33. N@d4+ Kb6 
34. h4 Qxf1+ 35. Kh2 Qxf2 36. Rxd8 P@g3+ 37. Kh3 B@g4# 
{LINDEGREN checkmated} 0-1

[Event "fics rated crazyhouse match"]
[Site "fics, Oklahoma City, OK USA"]
[Date "2000.12.25"]
[White "Thufir"]
[WhiteElo "2323"]
[Black "LINDEGREN"]
[BlackElo "2349"]
[TimeControl "60+0"]
[Result "1-0"]

1. e4 Nf6 2. e5 Nc6 3. d4 Nd5 4. Nf3 e6 5. Be2 d6 6. O-O 
Be7 7. c4 Nb6 8. exd6 cxd6 9. Be3 d5 10. c5 Nd7 11. Nc3 Nf6 
12. P@d6 Bf8 13. Bg5 P@e7 14. dxe7 Bxe7 15. P@d6 Bxd6 16. cxd6 Qxd6 17. B@e5 
Nxe5 18. dxe5 Qd8 19. exf6 gxf6 20. N@g7+ Kf8 21. Bh6 Kg8 22. Nh5 B@g6 
23. Nxd5 Bxh5 24. P@g7 P@e7 25. gxh8=Q+ Kxh8 26. Nxf6 P@g7 27. Qxd8# 
{LINDEGREN resigns} 1-0

[Event "fics rated crazyhouse match"]
[Site "fics, Oklahoma City, OK USA"]
[Date "2000.12.25"]
[White "LINDEGREN"]
[WhiteElo "2340"]
[Black "Thufir"]
[BlackElo "2332"]
[TimeControl "60+0"]
[Result "1-0"]

1. e4 e6 2. Nc3 d6 3. d4 Be7 4. Nf3 Nf6 5. Bb5+ Bd7 6. Bxd7+ 
Nbxd7 7. O-O B@g4 8. h3 Bxf3 9. Qxf3 N@h4 10. Qg3 Rg8 11. Qxh4 Nd5 
12. Qxh7 Bf6 
{Thufir resigns} 1-0

[Event "fics rated crazyhouse match"]
[Site "fics, Oklahoma City, OK USA"]
[Date "2000.12.25"]
[White "LINDEGREN"]
[WhiteElo "2339"]
[Black "Thufir"]
[BlackElo "2333"]
[TimeControl "60+0"]
[Result "0-1"]

1. e4 e6 2. Nc3 Nc6 3. d4 Nf6 4. e5 Nd5 5. Nxd5 exd5 6. Nf3 
d6 7. Bb5 Bd7 8. h3 dxe5 9. Bxc6 bxc6 10. Nxe5 N@h4 11. O-O P@d6 
12. Nxd7 Qxd7 13. B@g4 B@e6 14. Bxe6 fxe6 15. P@g3 Nf5 16. B@g4 Nxd4 17. Qxd4 
B@e5 18. Qd1 P@f5 19. Bh5+ g6 20. N@f3 Bfg7 21. Nxe5 dxe5 22. Be2 N@e4 
23. B@h6 Bxh6 24. Bxh6 O-O-O 25. Ba6+ Kb8 26. N@a5 N@b4 27. Bd3 B@b6 28. a3 
Bxa5 29. axb4 Bxb4 30. N@a6+ Kc8 31. Nxb4 P@b7 32. Rxa7 N@b6 33. P@a6 Qe7 
34. axb7+ Kd7 35. Bxe4 fxe4 36. B@g5 B@f6 37. Bxf6 Qxf6 38. B@g5 Qf7 39. N@f6+ 
Ke7 40. Nfxd5+ Ke8 41. N@f6+ Qxf6 42. Nxf6+ Kf7 43. Qxd8 N@f3# 
{LINDEGREN forfeits on time} 0-1

[Event "fics rated crazyhouse match"]
[Site "fics, Oklahoma City, OK USA"]
[Date "2000.12.25"]
[White "Thufir"]
[WhiteElo "2341"]
[Black "LINDEGREN"]
[BlackElo "2331"]
[TimeControl "60+0"]
[Result "1-0"]

1. e4 Nf6 2. e5 Nc6 3. exf6 gxf6 4. Nf3 d5 5. N@h5 Rg8 6. Bb5 
P@e4 7. Qe2 e5 8. d4 exf3 9. gxf3 N@g2+ 10. Kd1 Be7 11. dxe5 a6 
12. Bxc6+ bxc6 13. exf6 B@e6 14. fxe7 Qxe7 15. N@f6+ Kd8 16. Nxg8 P@e4 17. Nxe7 
Kxe7 
{LINDEGREN resigns} 1-0

[Event "fics rated crazyhouse match"]
[Site "fics, Oklahoma City, OK USA"]
[Date "2000.12.25"]
[White "AngelicK"]
[WhiteElo "2366"]
[Black "Fudpucker"]
[BlackElo "2185"]
[TimeControl "60+0"]
[Result "1-0"]

1. e4 e6 2. Nc3 Nc6 3. d4 Nf6 4. Nf3 d6 5. Bd3 Be7 6. O-O 
O-O 7. e5 Nd5 8. Ne4 f6 9. exf6 Nxf6 10. P@e5 Nd5 11. exd6 cxd6 
12. P@h6 P@f5 13. hxg7 Kxg7 14. Ng3 P@f4 15. Nh5+ Kg8 16. Nxf4 Nxf4 17. Bxf4 
P@g7 18. N@h5 N@e4 19. P@h6 gxh6 20. P@g7 Rf7 21. Bxh6 P@g6 22. Bxe4 gxh5 
23. Bxc6 bxc6 24. P@g6 hxg6 25. N@f8 Bxf8 26. gxf8=Q+ Rxf8 27. Bxf8 Qxf8 28. Ng5 
B@f6 29. B@f7+ Qxf7 30. Nxf7 Kxf7 31. N@h6+ Kg7 32. Q@f7+ Kxh6 33. Qd2+ B@g5 
34. R@h7# 
{Fudpucker checkmated} 1-0

[Event "fics rated crazyhouse match"]
[Site "fics, Oklahoma City, OK USA"]
[Date "2000.12.25"]
[White "Fudpucker"]
[WhiteElo "2181"]
[Black "AngelicK"]
[BlackElo "2370"]
[TimeControl "60+0"]
[Result "0-1"]

1. e4 e6 2. d4 Nc6 3. Nf3 Nf6 4. Bd3 d6 5. O-O Be7 6. e5 
Nd5 7. Re1 Nxd4 8. Nxd4 dxe5 9. Rxe5 Bf6 10. P@f4 P@d6 11. Re4 P@f5 
12. N@h5 fxe4 13. Nxf6+ Qxf6 14. B@g5 Qxd4 15. Be3 Nxe3 16. fxe3 Qxe3# 
{Fudpucker resigns} 0-1

[Event "fics rated crazyhouse match"]
[Site "fics, Oklahoma City, OK USA"]
[Date "2000.12.25"]
[White "AngelicK"]
[WhiteElo "2374"]
[Black "Fudpucker"]
[BlackElo "2177"]
[TimeControl "60+0"]
[Result "0-1"]

1. d4 e6 2. Nf3 Nc6 3. Bf4 Nf6 4. e3 d6 5. Be2 Be7 6. O-O 
O-O 7. Nbd2 Nd5 8. Bg3 f5 9. c4 Nf6 10. h3 Nh5 11. Bh2 f4 
12. exf4 Nxf4 13. Bxf4 Rxf4 14. P@e3 Rf8 15. Ne4 B@g6 16. Ng3 e5 17. d5 
Nb8 18. N@h5 P@f4 19. Nxg7 Kxg7 20. exf4 exf4 21. P@h5 fxg3 22. hxg6 gxf2+ 
23. Rxf2 P@g3 24. P@h6+ Kxg6 25. Rf1 P@h2+ 26. Kh1 N@f2+ 27. Rxf2 gxf2 28. B@g3 
Rxf3 29. P@h5+ Kxh6 30. Bxh2 R@e1+ 31. Qxe1 fxe1=Q+ 32. Rxe1 N@f2+ 33. Kg1 Q@h1# 
{AngelicK checkmated} 0-1

[Event "fics rated crazyhouse match"]
[Site "fics, Oklahoma City, OK USA"]
[Date "2000.12.25"]
[White "LINDEGREN"]
[WhiteElo "2323"]
[Black "Thufir"]
[BlackElo "2349"]
[TimeControl "60+0"]
[Result "1-0"]

1. e4 e6 2. Nc3 Nc6 3. d4 Nf6 4. a3 Be7 5. e5 d6 6. exf6 
Bxf6 7. Nf3 O-O 8. N@h5 P@g6 9. Nxf6+ Qxf6 10. Bg5 Qf5 11. Bd3 Qg4 
12. B@h3 Qh5 13. O-O f6 14. d5 fxg5 15. dxe6 N@f4 16. P@g4 Nxh3+ 17. gxh3 
Qxh3 18. N@e3 Bxe6 19. Nxg5 Qh4 20. Nxe6 B@d4 21. B@g3 Qe7 22. Nxd4 Nxd4 
23. P@g2 P@h3 24. Ncd5 Qe8 25. B@e4 hxg2 26. Bxg2 P@f3 27. P@e7 fxg2 28. exf8=Q+ 
Qxf8 29. Nxg2 N@h3+ 30. Kh1 B@f3 31. Qxf3 Nxf3 32. B@e6+ P@f7 33. P@e7 Qe8 
34. R@f8+ Qxf8 35. exf8=Q+ Rxf8 36. Bxf7+ Rxf7 37. P@e7 R@e8 38. Q@d8 Rxd8 39. exd8=Q+ 
B@f8 40. Nxc7 Rxc7 41. R@e8 Q@f7 42. Rxf8+ Qxf8 43. Qxc7 Kh8 44. P@f7 R@e7 
45. R@g8+ Qxg8 46. fxg8=Q+ Kxg8 47. B@d5+ P@f7 48. Qxe7 
{Thufir forfeits on time} 1-0

[Event "fics rated crazyhouse match"]
[Site "fics, Oklahoma City, OK USA"]
[Date "2000.12.25"]
[White "Fudpucker"]
[WhiteElo "2189"]
[Black "AngelicK"]
[BlackElo "2362"]
[TimeControl "60+0"]
[Result "0-1"]

1. e4 e6 2. Nf3 Nc6 3. d4 Nf6 4. Bd3 d5 5. e5 Ne4 6. O-O 
Be7 7. Nc3 Nxc3 8. bxc3 N@g6 9. N@h5 Rg8 10. Rb1 b6 11. Nf4 Nxf4 
12. Bxf4 N@g6 13. Bg3 Bb7 14. N@b5 Na5 15. Nd6+ cxd6 16. exd6 Bxd6 17. Bxd6 
Qxd6 18. Bxg6 hxg6 19. B@e5 Qd7 20. N@c7+ Kf8 21. Nxa8 Bxa8 22. R@c7 Qxc7 
23. Bxc7 B@f6 24. P@e5 Be7 25. Bd6 B@d8 26. Bxe7+ Bxe7 27. B@b4 B@d8 28. Bxa5 
bxa5 29. N@d7+ Ke8 30. Nc5 N@f4 31. Rb8 B@c6 32. Rxa8 P@h3 33. Rxd8+ Bxd8 
34. B@g3 N@e2+ 35. Kh1 hxg2# 
{Fudpucker checkmated} 0-1

[Event "fics rated crazyhouse match"]
[Site "fics, Oklahoma City, OK USA"]
[Date "2000.12.25"]
[White "AngelicK"]
[WhiteElo "2366"]
[Black "Fudpucker"]
[BlackElo "2185"]
[TimeControl "60+0"]
[Result "1-0"]

1. e4 e6 2. Nc3 Nc6 3. Nf3 Nf6 4. d4 Bb4 5. Bd3 d5 6. e5 
Ne4 7. O-O Bxc3 8. bxc3 Nxc3 9. Qe1 Na4 10. Bg5 P@e7 11. B@h4 Nb6 
12. Bxe7 Nxe7 13. P@f6 gxf6 14. exf6 Ng6 15. P@e7 Qd7 16. Bxg6 fxg6 17. N@g7+ 
Kf7 18. Ne5+ Kg8 19. Nxd7 Bxd7 20. Nxe6 B@h6 21. P@g7 N@h3+ 22. Kh1 N@f7 
23. Nxc7 P@f3 24. P@e6 fxg2+ 25. Kxg2 Nf4+ 26. Kg1 Bxe6 27. Nxe6 Nxe6 28. Qxe6 
N@f3+ 29. Kh1 P@g2+ 30. Kxg2 Nxh4+ 31. Kh1 P@g2+ 32. Kg1 gxf1=Q+ 33. Kxf1 B@g2+ 
34. Ke2 B@f3+ 35. Kd3 
{Fudpucker forfeits on time} 1-0

[Event "fics rated crazyhouse match"]
[Site "fics, Oklahoma City, OK USA"]
[Date "2000.12.25"]
[White "Fudpucker"]
[WhiteElo "2181"]
[Black "AngelicK"]
[BlackElo "2370"]
[TimeControl "60+0"]
[Result "0-1"]

1. e4 e6 2. d4 b6 3. Nf3 Bb7 4. Bd3 Nf6 5. Nc3 Bb4 6. Bg5 
h6 7. Bxf6 Qxf6 8. Qe2 d6 9. O-O B@g4 10. N@d2 Bxc3 11. bxc3 N@f4 
12. Qe3 Nxd3 13. Qxd3 B@g6 14. B@h4 Bxf3 15. Bxf6 gxf6 16. Qxf3 Nd7 17. B@g7 
N@g5 18. Qe3 Rg8 19. Bxh6 Nxe4 20. N@g7+ Kd8 21. Nxe4 Bgxe4 22. f3 Bg6 
23. N@f4 B@f5 24. P@h5 N@c4 25. Qe2 Bxc2 26. hxg6 Bxg6 27. Nxg6 fxg6 28. Nxe6+ 
Kc8 29. P@f7 Rh8 30. B@g7 a6 31. Q@e8+ N@d8 32. Qxd7+ Kb8 
{Fudpucker forfeits on time} 0-1

[Event "fics rated crazyhouse match"]
[Site "fics, Oklahoma City, OK USA"]
[Date "2000.12.25"]
[White "Fudpucker"]
[WhiteElo "2167"]
[Black "marcusm"]
[BlackElo "2346"]
[TimeControl "180+0"]
[Result "1-0"]

1. e4 Nf6 2. Nc3 d5 3. exd5 Nxd5 4. d4 e6 5. Nxd5 exd5 6. Nf3 
Bg4 7. Be2 Nc6 8. N@e5 Bxf3 9. Bxf3 Nxe5 10. dxe5 Bc5 11. Bxd5 Bxf2+ 
12. Kxf2 Qh4+ 13. B@g3 N@g4+ 14. Qxg4 Qxg4 15. B@f3 Qd4+ 16. Be3 Qxb2 17. Bxf7+ 
Kxf7 18. N@g5+ Kf8 19. N@e6+ Ke7 20. P@d6+ cxd6 21. exd6+ Kd7 22. Nc5+ Ke8 
23. P@f7+ Kd8 24. P@e7+ Kc8 25. Bxb7+ Kb8 26. P@c7# 
{marcusm checkmated} 1-0

[Event "fics rated crazyhouse match"]
[Site "fics, Oklahoma City, OK USA"]
[Date "2000.12.25"]
[White "marcusm"]
[WhiteElo "2334"]
[Black "Fudpucker"]
[BlackElo "2179"]
[TimeControl "180+0"]
[Result "1-0"]

1. e4 e6 2. d4 Nc6 3. Nf3 Nf6 4. Nc3 d6 5. Bd3 Be7 6. Be3 
O-O 7. Qe2 Ng4 8. Rd1 f5 9. d5 exd5 10. exd5 Nce5 11. Nxe5 dxe5 
12. N@e6 Bxe6 13. dxe6 P@d4 14. P@f7+ Kh8 15. Bxf5 Nxe3 16. fxe3 B@g5 17. exd4 
exd4 18. Qh5 P@d2+ 19. Kf1 N@e3+ 20. Kg1 N@f4 
{Fudpucker resigns} 1-0

[Event "fics rated crazyhouse match"]
[Site "fics, Oklahoma City, OK USA"]
[Date "2000.12.25"]
[White "Fudpucker"]
[WhiteElo "2174"]
[Black "marcusm"]
[BlackElo "2339"]
[TimeControl "180+0"]
[Result "0-1"]

1. e4 Nf6 2. Nc3 d5 3. exd5 Nxd5 4. d4 Bf5 5. Nf3 e6 6. Nxd5 
Qxd5 7. N@f4 Qd8 8. Be2 Bd6 9. P@e5 Bb4+ 10. Bd2 Bxd2+ 11. Qxd2 N@e4 
12. Qd1 P@g4 13. B@h4 Qd7 14. Ng5 B@d2+ 15. Kf1 Bxf4 16. Nxe4 Bxe4 17. Bxg4 
N@d2+ 18. Kg1 Qxd4 19. P@e3 Qd5 20. exf4 Bxg2 21. N@h5 Bxh1 22. Nxg7+ Kd7 
23. B@b5+ c6 24. P@f3 Bxf3 25. Bxf3 Nxf3+ 26. Qxf3 Qxf3 27. N@c5+ Kc8 28. B@g2 
N@h3+ 29. Kh1 R@d1+ 30. Rxd1 Qxd1+ 31. R@f1 R@g1+ 32. Rxg1 Qxg1# 
{Fudpucker checkmated} 0-1

[Event "fics rated crazyhouse match"]
[Site "fics, Oklahoma City, OK USA"]
[Date "2000.12.25"]
[White "marcusm"]
[WhiteElo "2343"]
[Black "Fudpucker"]
[BlackElo "2170"]
[TimeControl "180+0"]
[Result "1-0"]

1. e4 e6 2. d4 Nc6 3. Nf3 Nf6 4. e5 Nd5 5. Bd3 d6 6. Nc3 
dxe5 7. Nxe5 Nxd4 8. P@g6 hxg6 9. Bxg6 Bc5 10. Nxf7 Ke7 11. Nxd8 Rxd8 
12. Q@f7+ Kd6 13. Ne4+ Kc6 14. Nxc5 N@f4 15. Bxf4 Nxf4 16. Qxf4 
{Fudpucker resigns} 1-0

[Event "fics rated crazyhouse match"]
[Site "fics, Oklahoma City, OK USA"]
[Date "2000.12.25"]
[White "Fudpucker"]
[WhiteElo "2166"]
[Black "marcusm"]
[BlackElo "2347"]
[TimeControl "180+0"]
[Result "1-0"]

1. e4 Nf6 2. Nc3 d5 3. exd5 Nxd5 4. d4 e6 5. Nxd5 exd5 6. Nf3 
Nc6 7. Bb5 Bg4 8. N@e5 Bd7 9. Nxd7 Qxd7 10. Bxc6 bxc6 11. Ne5 Bb4+ 
12. P@c3 Qe7 13. B@b7 O-O 14. Bxc6 Bd6 15. N@f5 Qf6 16. Nxd6 cxd6 17. O-O 
dxe5 18. dxe5 Qxc6 19. P@h6 Rfe8 20. B@d4 gxh6 21. P@f6 B@f8 22. Qg4+ P@g6 
23. Qe2 B@h5 24. f3 P@c5 25. Bf4 N@e6 26. Bfe3 N@f5 27. Rad1 cxd4 28. cxd4 
Nxe3 29. P@g7 Nxc2 30. gxf8=Q+ Nxf8 31. B@b5 Qc7 32. Bxe8 Rxe8 33. R@e7 Rxe7 
34. fxe7 Qxe7 35. Qxc2 P@e3 36. N@f6+ Kh8 37. R@g8# 
{marcusm checkmated} 1-0

[Event "fics rated crazyhouse match"]
[Site "fics, Oklahoma City, OK USA"]
[Date "2000.12.25"]
[White "marcusm"]
[WhiteElo "2335"]
[Black "Fudpucker"]
[BlackElo "2178"]
[TimeControl "180+0"]
[Result "1-0"]

1. d4 e6 2. e4 Nc6 3. Nf3 Nf6 4. e5 Nd5 5. Bd3 d6 6. Nc3 
Nxc3 7. bxc3 dxe5 8. Nxe5 Nxe5 9. dxe5 P@f5 10. Bd2 N@h4 11. Rg1 N@b2 
12. Qe2 Nxd3+ 13. cxd3 B@c6 14. f3 Bc5 15. Be3 Bxe3 16. Qxe3 B@b2 17. B@g5 
Bxc3+ 18. Ke2 Nxf3 19. gxf3 Bxf3+ 20. Kxf3 P@e4+ 21. Kg2 P@f3+ 22. Kh3 P@g4+ 
23. Kh4 Bxa1 24. B@f1 f6 25. exf6 Bxf6 26. P@f7+ Kf8 27. Bxf6 Qxf6+ 28. B@g5 
R@h6+ 29. P@h5 B@e1+ 30. N@g3 Bxg3+ 31. Kxg3 P@h4+ 32. Kf2 N@h3+ 33. Bxh3 Qb2+ 
34. B@d2 Kxf7 35. d4 
{Fudpucker forfeits on time} 1-0

[Event "fics rated crazyhouse match"]
[Site "fics, Oklahoma City, OK USA"]
[Date "2000.12.25"]
[White "Fudpucker"]
[WhiteElo "2173"]
[Black "marcusm"]
[BlackElo "2340"]
[TimeControl "180+0"]
[Result "0-1"]

1. e4 Nf6 2. Nc3 d5 3. exd5 Nxd5 4. d4 Bf5 5. Nf3 e6 6. Nxd5 
Qxd5 7. Be2 Nc6 8. N@e5 Bb4+ 9. P@c3 Bd6 10. Nxc6 bxc6 11. N@e3 Qa5 
12. Nxf5 exf5 13. B@b7 O-O 14. Bxc6 Rad8 15. P@h6 f4 16. hxg7 Kxg7 17. P@e5 
N@g4 18. Bxf4 Nxf2 19. P@f6+ Kg8 20. Kxf2 N@g4+ 21. Kg3 h5 22. Ng5 N@f5+ 
23. Kh3 Nf2# 
{Fudpucker checkmated} 0-1

[Event "fics rated crazyhouse match"]
[Site "fics, Oklahoma City, OK USA"]
[Date "2000.12.25"]
[White "marcusm"]
[WhiteElo "2344"]
[Black "Fudpucker"]
[BlackElo "2169"]
[TimeControl "180+0"]
[Result "1-0"]

1. e4 e6 2. d4 Nc6 3. Nf3 Nf6 4. e5 Nd5 5. Bd3 d6 6. Nc3 
Bd7 7. O-O dxe5 8. Nxe5 Nxe5 9. dxe5 N@f4 10. Nxd5 Nxd5 11. N@h5 P@f5 
12. P@c4 N@f4 13. Nxf4 Nxf4 14. Bxf4 Bc6 15. N@h5 Rg8 16. Qe2 Be7 17. Rad1 
N@d4 18. Qe3 f6 19. exf6 gxf6 20. N@g7+ Kf7 21. N@h6+ Kf8 22. Nxg8 Kxg8 
23. Nxe6 N@f3+ 24. Kh1 Ne5 25. R@g7+ Kh8 26. Bxe5 Bxg2+ 27. Kxg2 Qe8 28. P@f7 
P@f3+ 29. Kg1 Qxf7 30. Rxf7 P@g7 31. Rxg7 P@f7 32. Rxf7 Rg8+ 33. P@g7+ Rxg7+ 
34. Rxg7 
{Fudpucker forfeits on time} 1-0

[Event "fics rated crazyhouse match"]
[Site "fics, Oklahoma City, OK USA"]
[Date "2000.12.25"]
[White "Fudpucker"]
[WhiteElo "2165"]
[Black "marcusm"]
[BlackElo "2348"]
[TimeControl "180+0"]
[Result "0-1"]

1. e4 Nf6 2. Nc3 d5 3. exd5 Nxd5 4. d4 e6 5. Nxd5 exd5 6. Nf3 
Nc6 7. Bb5 Bd7 8. Bxc6 bxc6 9. N@e5 P@f6 10. Nxd7 Qxd7 11. N@e5 fxe5 
12. Nxe5 Qe6 13. B@d7+ Qxd7 14. Nxd7 Kxd7 15. P@f5 Re8+ 16. Be3 Bb4+ 17. c3 
Bd6 18. P@e6+ fxe6 19. fxe6+ Rxe6 20. Q@f7+ Re7 21. P@e6+ Kc8 22. Qf5 B@e4 
23. Qxe4 dxe4 24. B@a6+ P@b7 25. Be2 P@d3 26. Bxd3 exd3 27. Qxd3 B@a6 28. c4 
N@b4 29. Qc3 N@c2+ 30. Kd2 N@e4+ 31. Ke2 Nxc3# 
{Fudpucker resigns} 0-1

[Event "fics rated crazyhouse match"]
[Site "fics, Oklahoma City, OK USA"]
[Date "2000.12.25"]
[White "marcusm"]
[WhiteElo "2352"]
[Black "Fudpucker"]
[BlackElo "2161"]
[TimeControl "180+0"]
[Result "1-0"]

1. e4 e6 2. d4 Nc6 3. Nf3 Nf6 4. e5 Nd5 5. Bd3 d6 6. Nc3 
dxe5 7. Nxe5 Nxe5 8. dxe5 P@g6 9. O-O Be7 10. P@h6 f6 11. hxg7 Rg8 
12. Nxd5 exd5 13. Bxg6+ N@f7 14. Bxf7+ Kxf7 15. N@h6+ Kxg7 16. Nxg8 Qxg8 17. P@h6+ 
Kf8 18. P@g7+ Ke8 19. R@h8 B@e6 20. exf6 Bxf6 21. Rxg8+ Bxg8 22. Q@f8+ Kd7 
23. Qxf6 R@e6 24. B@f5 c6 25. Bxe6+ Bxe6 26. R@e7+ Kd6 27. N@e4# 
{Fudpucker checkmated} 1-0

[Event "fics rated crazyhouse match"]
[Site "fics, Oklahoma City, OK USA"]
[Date "2000.12.25"]
[White "JiggaB"]
[WhiteElo "2300"]
[Black "Tecumseh"]
[BlackElo "2356"]
[TimeControl "60+0"]
[Result "1-0"]

1. d4 Nc6 2. Nf3 d5 3. Nc3 Nf6 4. Ne5 Bf5 5. e3 Nxe5 6. dxe5 
Ne4 7. Nxe4 dxe4 8. N@d4 e6 9. Nxf5 exf5 10. Bb5+ N@c6 11. Bxc6+ bxc6 
12. Bd2 B@d3 13. cxd3 exd3 14. B@b3 N@c2+ 15. Bxc2 dxc2 16. Qxc2 N@b4 17. Bxb4 
Bxb4+ 18. P@c3 B@d3 19. Qd2 P@a3 20. cxb4 axb2 21. Qxb2 P@h3 22. B@f3 B@e4 
23. N@h5 Rg8 24. P@d7+ Kxd7 25. N@c5+ Ke8 26. B@d7+ Kf8 27. e6 hxg2 28. Rg1 
Bxf3 29. exf7 Qe7 30. fxg8=Q+ Kxg8 31. Be6+ P@f7 32. N@h6+ Kh8 33. Qxg7# 
{Tecumseh checkmated} 1-0

[Event "fics rated crazyhouse match"]
[Site "fics, Oklahoma City, OK USA"]
[Date "2000.12.25"]
[White "Tecumseh"]
[WhiteElo "2347"]
[Black "JiggaB"]
[BlackElo "2309"]
[TimeControl "60+0"]
[Result "1-0"]

1. e4 e6 2. d4 Nc6 3. Nc3 Nf6 4. e5 Nd5 5. Nxd5 exd5 6. Bb5 
d6 7. Nf3 Bd7 8. Qe2 dxe5 9. Nxe5 P@e6 10. Nxd7 Qxd7 11. Bxc6 bxc6 
12. N@e5 B@d6 13. Nxd7 Kxd7 14. P@e5 Bb4+ 15. B@c3 Bxc3+ 16. bxc3 B@b5 17. B@d3 
Bxd3 18. cxd3 B@b5 19. B@c4 dxc4 20. dxc4 Ba4 21. P@b3 Bxb3 22. axb3 N@h4 
23. d5 exd5 24. e6+ fxe6 25. N@e5+ Kc8 26. Q@d7# 
{JiggaB resigns} 1-0

[Event "fics rated crazyhouse match"]
[Site "fics, Oklahoma City, OK USA"]
[Date "2000.12.25"]
[White "JiggaB"]
[WhiteElo "2302"]
[Black "Tecumseh"]
[BlackElo "2354"]
[TimeControl "60+0"]
[Result "0-1"]

1. d4 Nc6 2. Nf3 Nf6 3. Nc3 d5 4. Bg5 Ne4 5. Nxe4 dxe4 6. Ne5 
Qxd4 7. Qxd4 Nxd4 8. Rc1 P@d3 9. exd3 Q@a5+ 10. Q@c3 Qxe5 11. P@f4 N@f3+ 
12. gxf3 Nxf3+ 13. Kd1 Qxc3 
{JiggaB resigns} 0-1

[Event "fics rated crazyhouse match"]
[Site "fics, Oklahoma City, OK USA"]
[Date "2000.12.25"]
[White "Fudpucker"]
[WhiteElo "2157"]
[Black "marcusm"]
[BlackElo "2356"]
[TimeControl "180+0"]
[Result "1-0"]

1. e4 Nf6 2. Nc3 d5 3. exd5 Nxd5 4. d4 e6 5. Nxd5 exd5 6. Nf3 
Be7 7. P@h6 Rg8 8. N@h5 gxh6 9. Bxh6 N@f5 10. P@g5 P@g7 11. Bxg7 Nxg7 
12. Nxg7+ Rxg7 13. P@f6 Bxf6 14. gxf6 Qxf6 15. B@e5 Qe7 16. Be2 Rxg2 17. N@f4 
P@e3 18. Nxg2 exf2+ 19. Kf1 Bh3 20. R@g8+ N@f8 21. Kxf2 Bxg2 22. Kxg2 N@e3+ 
23. Kg1 Nxd1 24. Rxd1 P@h3 25. B@h6 P@g7 26. Rxg7 P@g2 27. Rg8 gxh1=Q+ 28. Kxh1 
B@g2+ 29. Kg1 P@g7 30. Rxf8+ Qxf8 31. Bhxg7 Bxf3 32. N@f6+ Kd8 33. Bxc7+ Kc8 
34. Bxf3 Qxg7+ 35. B@g4+ B@e6 36. N@e7+ Kxc7 37. Nexd5+ Bxd5 38. Nxd5+ Kd6 39. B@e5+ 
Qxe5 40. dxe5+ Kxe5 41. Q@f4# 
{marcusm checkmated} 1-0

[Event "fics rated crazyhouse match"]
[Site "fics, Oklahoma City, OK USA"]
[Date "2000.12.25"]
[White "Tecumseh"]
[WhiteElo "2361"]
[Black "JiggaB"]
[BlackElo "2295"]
[TimeControl "60+0"]
[Result "1-0"]

1. e4 e6 2. d4 d5 3. Nc3 dxe4 4. Nxe4 Nc6 5. Nf3 P@f6 6. Bb5 
Be7 7. P@h6 Nxh6 8. Bxh6 gxh6 9. N@g7+ Kf8 10. Nh5 Rg8 11. Qd2 B@g5 
12. Nfxg5 fxg5 13. B@g7+ Rxg7 14. Nxg7 Kxg7 15. h4 gxh4 16. R@g4+ B@g5 17. Nxg5 
Bxg5 18. Rxg5+ hxg5 19. B@e5+ Kg8 20. B@f6 P@e7 21. Qxg5+ P@g6 22. Bxc6 bxc6 
23. N@h6+ Kf8 24. P@g7+ Ke8 25. g8=Q+ Kd7 26. Qxd8+ Kxd8 27. Bxe7+ Ke8 28. Q@d8# 
{JiggaB checkmated} 1-0

[Event "fics rated crazyhouse match"]
[Site "fics, Oklahoma City, OK USA"]
[Date "2000.12.25"]
[White "JiggaB"]
[WhiteElo "2288"]
[Black "Tecumseh"]
[BlackElo "2368"]
[TimeControl "60+0"]
[Result "0-1"]

1. e4 Nc6 2. Nc3 Nf6 3. Nf3 e6 4. Bc4 d5 5. exd5 exd5 6. Bb5 
Be7 7. d4 P@h3 8. Bxc6+ bxc6 9. Ne5 hxg2 10. Rg1 B@h3 11. Nxf7 Kxf7 
12. N@e5+ Kf8 13. P@h6 Rg8 14. hxg7+ Rxg7 15. P@h6 Rg8 16. P@g7+ Ke8 17. Rxg2 
Bce6 18. Rg3 N@g2+ 19. Ke2 Ng4 20. f3 Nxe5 21. dxe5 N@f4+ 22. Bxf4 Nxf4+ 
23. Kd2 B@g5 24. P@e3 Ng2 25. f4 Bh4 26. Qh5+ P@g6 27. Qf3 d4 28. exd4 
Qxd4+ 29. P@d3 Bxg3 30. hxg3 R@f2+ 31. B@e2 Rxf3 32. N@c4 P@e3+ 33. Kc1 P@d2+ 
34. Kd1 Q@e1# 
{JiggaB checkmated} 0-1

[Event "fics rated crazyhouse match"]
[Site "fics, Oklahoma City, OK USA"]
[Date "2000.12.25"]
[White "marcusm"]
[WhiteElo "2344"]
[Black "Fudpucker"]
[BlackElo "2169"]
[TimeControl "180+0"]
[Result "1-0"]

1. d4 e6 2. e4 Nc6 3. Nf3 Nf6 4. e5 Nd5 5. Bd3 Be7 6. Nc3 
O-O 7. O-O d6 8. Ne4 f6 9. exf6 Nxf6 10. c3 P@f5 11. Neg5 Qe8 
12. Re1 e5 13. dxe5 dxe5 14. Nxe5 P@e4 15. Bc4+ Kh8 16. Nef7+ Kg8 17. P@h6 
Na5 18. hxg7 Nxc4 19. gxf8=Q+ Qxf8 20. b3 B@g7 21. bxc4 Ng4 22. P@e6 P@h6 
23. Nxh6+ Bxh6 24. P@f7+ Kg7 25. R@g8+ Qxg8 26. fxg8=Q+ Kxg8 27. Q@f7# 
{Fudpucker resigns} 1-0

[Event "fics rated crazyhouse match"]
[Site "fics, Oklahoma City, OK USA"]
[Date "2000.12.25"]
[White "Tecumseh"]
[WhiteElo "2374"]
[Black "JiggaB"]
[BlackElo "2282"]
[TimeControl "60+0"]
[Result "0-1"]

1. e4 d5 2. d3 e6 3. exd5 exd5 4. Nc3 Nf6 5. Nf3 Bb4 6. Bd2 
d4 7. Ne4 Nxe4 8. dxe4 P@e3 9. Bxb4 exf2+ 10. Kxf2 Nc6 11. Be1 P@e3+ 
12. Kg1 Bg4 13. B@g3 Bxf3 14. Qxf3 N@g5 15. Qf5 N@e6 16. N@h5 Rg8 17. P@h4 
Nxe4 18. Qxe4 P@f2+ 19. Bgxf2 exf2+ 20. Bxf2 B@g6 21. P@f5 Bxh5 22. fxe6 fxe6 
23. Qxe6+ Qe7 24. Qxg8+ N@f8 25. R@e1 P@e3 26. B@g3 exf2+ 27. Bxf2 B@e3 28. N@d3 
Bxf2+ 29. Nxf2 B@e3 30. N@d3 Bxf2+ 31. Nxf2 N@e3 32. B@g5 Qxg5 33. hxg5 O-O-O 
34. Q@a8+ B@b8 35. B@e6+ Nxe6 36. Qxe6+ B@d7 37. N@d6+ cxd6 38. Qxd7+ Kxd7 39. B@g4+ 
Ke7 40. P@f6+ Kf8 41. P@e7+ Kf7 42. exd8=N+ Kg6 43. R@f5 N@f3# 
{Tecumseh forfeits on time} 0-1

[Event "fics rated crazyhouse match"]
[Site "fics, Oklahoma City, OK USA"]
[Date "2000.12.25"]
[White "JiggaB"]
[WhiteElo "2292"]
[Black "Tecumseh"]
[BlackElo "2364"]
[TimeControl "60+0"]
[Result "0-1"]

1. e4 Nc6 2. d4 Nf6 3. Nc3 d5 4. e5 Ne4 5. Nxe4 dxe4 6. Be3 
Bf5 7. Bb5 e6 8. Nh3 Bxh3 9. gxh3 N@f3+ 10. Kf1 N@h4 11. N@f4 Be7 
12. B@g3 O-O 13. Be2 Ncxd4 14. Bxd4 Nxd4 15. Bxh4 Bxh4 16. N@h5 P@f3 17. Bc4 
B@g2+ 18. Kg1 Bxh1 19. Nxg7 Qg5+ 20. P@g3 Qxg7 21. Qxd4 Bg2 22. Nxg2 fxg2 
23. B@e2 N@f3+ 24. Bxf3 exf3 25. gxh4 R@h1# 
{JiggaB checkmated} 0-1